BR
OTTAWA FAT CATS @ ROY EAGLE SQUADRON
08/30/2027
 
TOP OF THE 1ST
Ottawa Fat Cats batting - Pitching for Roy Eagle Squadron : LHP Bob Pitchforth
Pitching: LHP Bob Pitchforth
Batting: LHB Eric Dillard 0-0: Ball
1-0: Foul Ball, location: 2F
1-1: Ball
2-1: Swinging Strike
2-2: Ball
3-2: Reached on error, E6 (Groundball, 6)
Batting: RHB Tim Bonner 0-0: Ball
1-0: Ball
2-0: Called Strike
2-1: Swinging Strike
2-2: Ball
3-2: Base on Balls
Eric Dillard to second
Batting: LHB Wayne Rogers 0-0: Called Strike
0-1: Ball
1-1: Swinging Strike
1-2: Ball
2-2: SINGLE (Groundball, 4) (infield hit)
Eric Dillard to third
Tim Bonner to second
Batting: RHB Lawrence Howard 0-0: Called Strike
0-1: Ball
1-1: Grounds into double play, 4-6-3 (Groundball, 4M)
Eric Dillard scores
Tim Bonner to third
Batting: LHB Felipe Rivera 0-0: Ball
1-0: Foul Ball, location: 2F
1-1: Foul Ball, location: 2F
1-2: Fly out, F8 (Flyball, 89M)
Top of the 1st over - 1 run(s), 1 hit(s), 1 error(s), 1 left on base; Ottawa 1 - Roy 0
BOTTOM OF THE 1ST
Roy Eagle Squadron batting - Pitching for Ottawa Fat Cats : RHP Steve Sousa
Pitching: RHP Steve Sousa
Batting: LHB Quinn Webb 0-0: Ball
1-0: Called Strike
1-1: Swinging Strike
1-2: Strikes out swinging
Batting: RHB Richie Sawyer 0-0: Ground out 3-1 (Groundball, 23)
Batting: RHB Juan Bruno 0-0: Ball
1-0: Ball
2-0: Called Strike
2-1: Ball
3-1: Foul Ball, location: 2F
3-2: Strikes out looking
Bottom of the 1st over - 0 run(s), 0 hit(s), 0 error(s), 0 left on base; Ottawa 1 - Roy 0
TOP OF THE 2ND
Ottawa Fat Cats batting - Pitching for Roy Eagle Squadron : LHP Bob Pitchforth
Batting: RHB Santiago Díaz 0-0: Called Strike
0-1: Foul Ball, location: 2F
0-2: Strikes out swinging
Batting: RHB Pedro Delgado 0-0: Foul Ball, location: 2F
0-1: Fly out, F9 (Flyball, 9S)
Batting: RHB Wayne Scott 0-0: Called Strike
0-1: Fly out, F2 (Popup, 23)
Top of the 2nd over - 0 run(s), 0 hit(s), 0 error(s), 0 left on base; Ottawa 1 - Roy 0
BOTTOM OF THE 2ND
Roy Eagle Squadron batting - Pitching for Ottawa Fat Cats : RHP Steve Sousa
Batting: RHB Jesús Ortíz 0-0: Ball
1-0: Ball
2-0: Foul Ball, location: 2F
2-1: Foul Ball, location: 2F
2-2: Strikes out swinging
Batting: RHB Oliver Sánchez 0-0: Ball
1-0: Called Strike
1-1: Foul Ball, location: 2F
1-2: Ball
2-2: Ball
3-2: Base on Balls
Batting: RHB Rich Crabtree 0-0: Ball
1-0: Fly out, F8 (Flyball, 8LD)
Batting: SHB Shannon Cline 0-0: Ball
Oliver Sánchez steals 2nd base
1-0: Ball
2-0: Foul Ball, location: 2F
2-1: Swinging Strike
2-2: Strikes out swinging
Bottom of the 2nd over - 0 run(s), 0 hit(s), 0 error(s), 1 left on base; Ottawa 1 - Roy 0
TOP OF THE 3RD
Ottawa Fat Cats batting - Pitching for Roy Eagle Squadron : LHP Bob Pitchforth
Batting: LHB Justin Tubridy 0-0: Called Strike
0-1: Ball
1-1: Swinging Strike
1-2: Ball
2-2: Ball
3-2: Ground out 4-3 (Groundball, 4)
Batting: LHB Eric Dillard 0-0: Ball
1-0: Swinging Strike
1-1: Called Strike
1-2: Strikes out swinging
Batting: RHB Tim Bonner 0-0: Ball
1-0: Called Strike
1-1: Called Strike
1-2: Foul Ball, location: 2F
1-2: Ball
2-2: Foul Ball, location: 2F
2-2: Strikes out swinging
Top of the 3rd over - 0 run(s), 0 hit(s), 0 error(s), 0 left on base; Ottawa 1 - Roy 0
BOTTOM OF THE 3RD
Roy Eagle Squadron batting - Pitching for Ottawa Fat Cats : RHP Steve Sousa
Batting: RHB Mike Russell 0-0: Ball
1-0: Foul Ball, location: 2F
1-1: Foul Ball, location: 2F
1-2: Strikes out swinging
Batting: RHB Roberto Valentín 0-0: Swinging Strike
0-1: Ball
1-1: Foul Ball, location: 2F
1-2: Ball
2-2: Foul Ball, location: 2F
2-2: Fly out, F8 (Flyball, 8LM)
Batting: LHB Quinn Webb 0-0: Called Strike
0-1: Fly out, F9 (Flyball, 9LMF)
Bottom of the 3rd over - 0 run(s), 0 hit(s), 0 error(s), 0 left on base; Ottawa 1 - Roy 0
TOP OF THE 4TH
Ottawa Fat Cats batting - Pitching for Roy Eagle Squadron : LHP Bob Pitchforth
Batting: LHB Wayne Rogers 0-0: Called Strike
0-1: Foul Ball, location: 2F
0-2: SINGLE (Line Drive, 89M)
Batting: RHB Lawrence Howard 0-0: Ball
1-0: Foul Ball, location: 2F
1-1: Ball
2-1: Fielders Choice at 2nd, 1-4 (Groundball, 15S)
Batting: LHB Felipe Rivera 0-0: Fielders Choice at 2nd, 3-6 (Groundball, 3)
Batting: RHB Santiago Díaz 0-0: Ball
1-0: Ball
2-0: Called Strike
2-1: Foul Ball, location: 2F
2-2: Fly out, F8 (Flyball, 89S)
Top of the 4th over - 0 run(s), 1 hit(s), 0 error(s), 1 left on base; Ottawa 1 - Roy 0
BOTTOM OF THE 4TH
Roy Eagle Squadron batting - Pitching for Ottawa Fat Cats : RHP Steve Sousa
Batting: RHB Richie Sawyer 0-0: Called Strike
0-1: Called Strike
0-2: Ball
1-2: Foul Ball, location: 2F
1-2: Foul Ball, location: 2F
1-2: Foul Ball, location: 2F
1-2: Ground out 1-3 (Groundball, P)
Batting: RHB Juan Bruno 0-0: Called Strike
0-1: DOUBLE (Flyball, 7LM)
Batting: RHB Jesús Ortíz 0-0: Fly out, F8 (Flyball, 89M)
Batting: RHB Oliver Sánchez 0-0: Ball
1-0: Foul Ball, location: 2F
1-1: Ball
2-1: Swinging Strike
2-2: Fly out, F9 (Line Drive, 89M)
Bottom of the 4th over - 0 run(s), 1 hit(s), 0 error(s), 1 left on base; Ottawa 1 - Roy 0
TOP OF THE 5TH
Ottawa Fat Cats batting - Pitching for Roy Eagle Squadron : LHP Bob Pitchforth
Batting: RHB Pedro Delgado 0-0: Foul Ball, location: 2F
0-1: Ground out 5-3 (Groundball, 56S)
Batting: RHB Wayne Scott 0-0: Swinging Strike
0-1: Ball
1-1: Ball
2-1: Foul Ball, location: 2F
2-2: Foul Ball, location: 2F
2-2: Foul Ball, location: 2F
2-2: Ball
3-2: Strikes out swinging
Batting: LHB Justin Tubridy 0-0: Foul Ball, location: 2F
0-1: Called Strike
0-2: Ground out U3 (Groundball, 34S)
Top of the 5th over - 0 run(s), 0 hit(s), 0 error(s), 0 left on base; Ottawa 1 - Roy 0
BOTTOM OF THE 5TH
Roy Eagle Squadron batting - Pitching for Ottawa Fat Cats : RHP Steve Sousa
Batting: RHB Rich Crabtree 0-0: Called Strike
0-1: Called Strike
0-2: Ball
1-2: SOLO HOME RUN (Flyball, 7D), Distance : 392 ft
Batting: SHB Shannon Cline 0-0: Called Strike
0-1: Foul Ball, location: 2F
0-2: Ball
1-2: SINGLE (Groundball, 6MD)
Batting: RHB Mike Russell 0-0: Ball
1-0: Fly out, F4 (Popup, 3D)
Batting: RHB Roberto Valentín 0-0: Ball
1-0: Fly out, F9 (Flyball, 9S)
Batting: LHB Quinn Webb 0-0: Ball
Shannon Cline steals 2nd base
1-0: Ground out 3-1 (Groundball, 34)
Bottom of the 5th over - 1 run(s), 2 hit(s), 0 error(s), 1 left on base; Ottawa 1 - Roy 1
TOP OF THE 6TH
Ottawa Fat Cats batting - Pitching for Roy Eagle Squadron : LHP Bob Pitchforth
Batting: LHB Eric Dillard 0-0: Called Strike
0-1: SINGLE (Line Drive, 9S)
Batting: RHB Tim Bonner 0-0: Called Strike
0-1: Ball
1-1: SINGLE (Line Drive, 56)
Eric Dillard to second
Batting: LHB Wayne Rogers 0-0: Ball
1-0: Ball
2-0: Ball
3-0: Called Strike
3-1: Fielders Choice at 2nd, 3-6 (Groundball, 34)
Eric Dillard to third
Pitching: RHP John Ashe
Batting: RHB Lawrence Howard 0-0: Ball
1-0: Ball
2-0: Ball
Wayne Rogers steals 2nd base
3-0: Base on Balls
Batting: LHB Felipe Rivera 0-0: Ball
1-0: Foul Ball, location: 2F
1-1: Foul Ball, location: 2F
1-2: Foul Ball, location: 2F
1-2: Ball
2-2: Foul Ball, location: 2F
2-2: Fielders Choice at 2nd, 4-6 (Groundball, 4)
Eric Dillard scores
Wayne Rogers to third
Batting: RHB Santiago Díaz 0-0: Ball
1-0: Called Strike
1-1: Ball
2-1: Foul Ball, location: 2F
2-2: Strikes out swinging
Top of the 6th over - 1 run(s), 2 hit(s), 0 error(s), 2 left on base; Ottawa 2 - Roy 1
BOTTOM OF THE 6TH
Roy Eagle Squadron batting - Pitching for Ottawa Fat Cats : RHP Steve Sousa
Batting: RHB Richie Sawyer 0-0: Called Strike
0-1: Ball
1-1: Foul Ball, location: 2F
1-2: Ball
2-2: Strikes out swinging
Batting: RHB Juan Bruno 0-0: Ball
1-0: Ball
2-0: Called Strike
2-1: Fly out, F9 (Flyball, 9S)
Batting: RHB Jesús Ortíz 0-0: Ball
1-0: Called Strike
1-1: Ball
2-1: Ball
3-1: Swinging Strike
3-2: Strikes out swinging
Bottom of the 6th over - 0 run(s), 0 hit(s), 0 error(s), 0 left on base; Ottawa 2 - Roy 1
TOP OF THE 7TH
Ottawa Fat Cats batting - Pitching for Roy Eagle Squadron : RHP John Ashe
Pitching: RHP Mark Owens
Batting: RHB Pedro Delgado 0-0: Foul Ball, location: 2F
0-1: Ball
1-1: Swinging Strike
1-2: Foul Ball, location: 2F
1-2: Foul Ball, location: 2F
1-2: Foul Ball, location: 2F
1-2: SOLO HOME RUN (Flyball, 89XD), Distance : 413 ft
Pitching: RHP Tony Zamora
Batting: RHB Wayne Scott 0-0: Called Strike
0-1: Foul Ball, location: 2F
0-2: Strikes out swinging
Batting: LHB Justin Tubridy 0-0: Ball
1-0: Swinging Strike
1-1: Swinging Strike
1-2: Ball
2-2: Reached on error, E2 (Groundball, 2L)
Batting: LHB Eric Dillard 0-0: Intentional Walk
Batting: RHB Tim Bonner 0-0: Swinging Strike
0-1: Ball
1-1: Called Strike
1-2: Ball
2-2: Foul Ball, location: 2F
2-2: Strikes out swinging
Batting: LHB Wayne Rogers 0-0: Called Strike
0-1: SINGLE (Flyball, 8RS)
Justin Tubridy to third
Eric Dillard to second
Runner from 3rd tries for Home, SAFE, no throw
Batting: RHB Lawrence Howard 0-0: Foul Ball, location: 2F
0-1: DOUBLE (Line Drive, 7LM)
Eric Dillard scores
Wayne Rogers to third
Runner from 3rd tries for Home, SAFE, no throw
Pitching: RHP Walt Hall
Batting: LHB Felipe Rivera 0-0: Called Strike
0-1: Ball
1-1: Foul Ball, location: 2F
1-2: Ball
2-2: Foul Ball, location: 2F
2-2: Ground out 3-1 (Groundball, 34)
Top of the 7th over - 4 run(s), 3 hit(s), 1 error(s), 1 left on base; Ottawa 6 - Roy 1
BOTTOM OF THE 7TH
Roy Eagle Squadron batting - Pitching for Ottawa Fat Cats : RHP Steve Sousa
Pitching: LHP Qin-shu Cheng
Batting: RHB Oliver Sánchez 0-0: Called Strike
0-1: Ground out 5-3 (Groundball, 56S)
Batting: RHB Rich Crabtree 0-0: Foul Ball, location: 2F
0-1: Fly out, F8 (Flyball, 8RM)
Batting: SHB Shannon Cline 0-0: SINGLE (Popup, 6MD)
Batting: RHB Mike Russell 0-0: Called Strike
0-1: Foul Ball, location: 2F
0-2: Ball
1-2: Strikes out looking
Bottom of the 7th over - 0 run(s), 1 hit(s), 0 error(s), 1 left on base; Ottawa 6 - Roy 1
TOP OF THE 8TH
Ottawa Fat Cats batting - Pitching for Roy Eagle Squadron : RHP Walt Hall
Batting: RHB Santiago Díaz 0-0: Ball
1-0: Ball
2-0: Ball
3-0: Called Strike
3-1: Called Strike
3-2: Reached on error, E4 (Groundball, 4)
Batting: RHB Pedro Delgado 0-0: Called Strike
0-1: Ball
1-1: Hit by Pitch
Santiago Díaz to second
Batting: RHB Wayne Scott 0-0: Called Strike
0-1: Fly out, F8 (Line Drive, 8RM)
Batting: LHB Justin Tubridy 0-0: Fielders Choice at 2nd, 4-6 (Groundball, 4)
Santiago Díaz to third
Batting: LHB Eric Dillard 0-0: Foul Ball, location: 2F
Pickoff Throw to First - Error! E1
Santiago Díaz scores
Justin Tubridy to second
0-1: Ball
1-1: Foul Ball, location: 2F
1-2: SINGLE (Flyball, 8LS)
Justin Tubridy to third
Runner from 3rd tries for Home, SAFE, no throw
Batting: RHB Tim Bonner 0-0: Ball
Eric Dillard is caught stealing 2nd base
Top of the 8th over - 2 run(s), 1 hit(s), 2 error(s), 0 left on base; Ottawa 8 - Roy 1
BOTTOM OF THE 8TH
Roy Eagle Squadron batting - Pitching for Ottawa Fat Cats : LHP Qin-shu Cheng
Now at 2B: Daniel Quintana
Batting: RHB Roberto Valentín 0-0: Foul Ball, location: 2F
0-1: Ground out 5-3 (Groundball, 56)
Batting: LHB Quinn Webb 0-0: Ball
1-0: Ball
2-0: Swinging Strike
2-1: Foul Ball, location: 2F
2-2: Strikes out swinging
Batting: RHB Richie Sawyer 0-0: Ball
1-0: Foul Ball, location: 2F
1-1: Fly out, F7 (Flyball, 78S)
Bottom of the 8th over - 0 run(s), 0 hit(s), 0 error(s), 0 left on base; Ottawa 8 - Roy 1
TOP OF THE 9TH
Ottawa Fat Cats batting - Pitching for Roy Eagle Squadron : RHP Walt Hall
Pitching: RHP Gerald McClure
Batting: RHB Tim Bonner 0-0: Called Strike
0-1: Ball
1-1: Called Strike
1-2: Foul Ball, location: 2F
1-2: Ball
2-2: Fly out, F5 (Popup, 56)
Batting: LHB Wayne Rogers 0-0: Ground out 6-3 (Groundball, 6M)
Batting: RHB Lawrence Howard 0-0: Ball
1-0: Foul Ball, location: 2F
1-1: Ball
2-1: Ball
3-1: Base on Balls
Batting: LHB Felipe Rivera 0-0: Ball
1-0: Called Strike
1-1: Ball
2-1: Ball
3-1: Swinging Strike
3-2: Foul Ball, location: 2F
3-2: Fly out, F9 (Flyball, 9LM)
Top of the 9th over - 0 run(s), 0 hit(s), 0 error(s), 1 left on base; Ottawa 8 - Roy 1
BOTTOM OF THE 9TH
Roy Eagle Squadron batting - Pitching for Ottawa Fat Cats : LHP Qin-shu Cheng
Now at 1B: Jorge Santos
Batting: RHB Juan Bruno 0-0: Fly out, F4 (Popup, 34D)
Batting: RHB Jesús Ortíz 0-0: Fly out, F9 (Flyball, 9LMF)
Batting: RHB Oliver Sánchez 0-0: Ball
1-0: Called Strike
1-1: Foul Ball, location: 2F
1-2: Ball
2-2: Ball
3-2: DOUBLE (Flyball, 89D)
Batting: RHB Rich Crabtree 0-0: Called Strike
0-1: Ball
1-1: Foul Ball, location: 2F
1-2: Foul Ball, location: 2F
1-2: Foul Ball, location: 2F
1-2: Ball
2-2: Ball
3-2: Foul Ball, location: 2F
3-2: Foul Ball, location: 2F
3-2: SINGLE (Groundball, 56D)
Oliver Sánchez to third
Oliver Sánchez scores
Batting: SHB Shannon Cline 0-0: Fly out, F9 (Flyball, 9S)
Bottom of the 9th over - 1 run(s), 2 hit(s), 0 error(s), 1 left on base; Ottawa 8 - Roy 2
Thursday, March 30th, 2017 - OOTP Baseball 17.12 Build 75